 Dungeon Crawl Stone Soup version 0.26-a0-412-ga3d1f51b80 (webtiles) character file.

Game seed: 3733241876821317441

86 Gargoyl the Skirmisher (level 4, -1/41 HPs)
             Began as a Gnoll Abyssal Knight on July 24, 2020.
             Was a Follower of Lugonu.
             Slain by an ice beast (9 damage)
             ... on level 2 of the Dungeon.
             The game lasted 00:03:53 (2692 turns).

Gargoyl the Skirmisher (Gnoll Abyssal Knight)       Turns: 2692, Time: 00:03:54

Health: -1/41      AC:  3    Str: 15      XL:     4   Next: 49%
Magic:  7/7        EV: 12    Int: 12 (15) God:    Lugonu [*.....]
Gold:   165        SH:  0    Dex: 14      Spells: 5/5 levels left

rFire    . . .     SeeInvis .   a - +2 hand axe
rCold    . . .     Faith    .   (no shield)
rNeg     + + .     Spirit   .   j - +0 leather armour {MR+}
rPois    .         Reflect  .   (no helmet)
rElec    .         Harm     +   l - scarf {harm}
rCorr    .                      (no gloves)
MR       +....                  (no boots)
Stlth    +.........             c - amulet of regeneration
HPRegen  0.53/turn              f - ring of positive energy
MPRegen  0.10/turn              e - ring of positive energy

@: mighty, lightly drained
A: distributed training, fangs 1, strong nose
a: Depart the Abyss, Renounce Religion


You were on level 2 of the Dungeon.
You worshipped Lugonu.
Lugonu was aware of your devotion.
You visited 1 branch of the dungeon, and saw 3 of its levels.
You visited the Abyss 1 time.

You collected 165 gold pieces.

Inventory:

Hand Weapons
 a - a +2 hand axe (weapon)
Armour
 j - a +0 leather armour of magic resistance (worn)
 l - a scarf of harm (worn)
Jewellery
 b - an uncursed ring of flight
 c - an amulet of regeneration (around neck)
 e - a ring of positive energy (right hand)
 f - a ring of positive energy (left hand)
Scrolls
 g - a scroll of identify
Potions
 h - a potion of stabbing
 i - a potion of heal wounds {unknown}


   Skills:
 + Level 6.6(6.4) Fighting
 + Level 1.1(1.0) Short Blades
 + Level 1.1(1.0) Long Blades
 + Level 4.6(4.5) Axes
 + Level 1.1(1.0) Maces & Flails
 + Level 1.1(1.0) Polearms
 + Level 1.1(1.0) Staves
 + Level 1.1(1.0) Slings
 + Level 1.1(1.0) Bows
 + Level 1.1(1.0) Crossbows
 + Level 1.1(1.0) Throwing
 + Level 4.6(4.5) Armour
 + Level 2.7(2.6) Dodging
 + Level 1.1(1.0) Stealth
 + Level 1.1(1.0) Shields
 + Level 1.1(1.0) Unarmed Combat
 + Level 1.1(1.0) Spellcasting
 + Level 0.9(0.8) Conjurations
 + Level 0.9(0.8) Hexes
 + Level 0.9(0.8) Summonings
 + Level 0.9(0.8) Necromancy
 + Level 0.9(0.8) Translocations
 + Level 0.9(0.8) Transmutations
 + Level 0.9(0.8) Fire Magic
 + Level 0.9(0.8) Ice Magic
 + Level 0.9(0.8) Air Magic
 + Level 0.9(0.8) Earth Magic
 + Level 0.9(0.8) Poison Magic
 + Level 4.7(4.5) Invocations
 + Level 1.1(1.0) Evocations


You had 5 spell levels left.
You didn't know any spells.
Your spell library was empty.

Dungeon Overview and Level Annotations

Branches:
Dungeon (3/15)

Altars:
Elyvilon
Makhleb
Xom


Innate Abilities, Weirdness & Mutations

Your experience applies equally to all skills.
You have very sharp teeth.
Your uncanny sense of smell can sniff out nearby items.


Message History

The ice beast is moderately wounded.
The ice beast hits you but does no damage.
You barely miss the ice beast.
The ice beast is moderately wounded.
The ice beast hits you. The ice beast freezes you!
You barely miss the ice beast.
The ice beast is moderately wounded.
The ice beast hits you but does no damage.
You feel very mighty all of a sudden. The ice beast closely misses you.
You slash the ice beast!
The ice beast is almost dead.
The ice beast hits you. The ice beast freezes you!
* * * LOW HITPOINT WARNING * * *
You completely miss the ice beast.
The ice beast is almost dead.
The ice beast closely misses you. The ice beast hits you.
* * * LOW HITPOINT WARNING * * *
The ice beast freezes you!
You die...

#..........####..........##..#
#..###.....# ##.............#
#..# #.#.^.# #.##.#.######.#
####.÷###..>..#####.##.#.# #.#
........).#......##.##.#.######.#
##.....##.....##.##.##.#......#.#
##........#...##.##......####.#.#
#......####..............####.#.#
#.............##@##........Y.....
#.##.######.####Y##.._...########
#.##.# #........††......# ###
#.##.# ######....######.# #>#
.....# ####.# .# #.# #.#### #># #
#.# #.## #.# #.# ...## #.# #.#
..(.## #.# ###'#


You could see an ice beast.

Vanquished Creatures
  3 adders (D:2)
  2 dart slugs
  3 orcs (D:2)
  3 giant cockroaches
  5 goblins
  8 hobgoblins
  4 jackals (D:1)
  4 bats
  4 frilled lizards
  8 kobolds
  6 rats
50 creatures vanquished.

Notes
Turn   | Place    | Note
-------+----------+-------------------------------------------
     0 | Abyss:1  | Gargoyl the Gnoll Abyssal Knight began the quest for the
                  | Orb.
     0 | Abyss:1  | Reached XP level 1. HP: 23/23 MP: 3/3
    56 | Abyss:3  | Noticed a neqoxec
    75 | Abyss:3  | Noticed a crimson imp
    75 | Abyss:3  | Noticed a chaos spawn
    79 | Abyss:3  | Noticed an ancient zyme
    81 | Abyss:3  | Noticed a chaos spawn
    96 | Abyss:3  | Noticed a starcursed mass
    99 | Abyss:3  | Noticed a ynoxinul
   102 | D:1      | Escaped the Abyss
   384 | D:1      | Reached XP level 2. HP: 27/29 MP: 5/5
   465 | D:1      | Reached * piety under Lugonu
   816 | D:1      | Reached XP level 3. HP: 35/35 MP: 6/6
  1240 | D:2      | Reached skill level 1 in Short Blades
  1240 | D:2      | Reached skill level 1 in Long Blades
  1240 | D:2      | Reached skill level 1 in Maces & Flails
  1240 | D:2      | Reached skill level 1 in Polearms
  1240 | D:2      | Reached skill level 1 in Staves
  1240 | D:2      | Reached skill level 1 in Slings
  1240 | D:2      | Reached skill level 1 in Bows
  1240 | D:2      | Reached skill level 1 in Crossbows
  1240 | D:2      | Reached skill level 1 in Throwing
  1240 | D:2      | Reached skill level 1 in Stealth
  1240 | D:2      | Reached skill level 1 in Shields
  1240 | D:2      | Reached skill level 1 in Unarmed Combat
  1240 | D:2      | Reached skill level 1 in Spellcasting
  1240 | D:2      | Reached skill level 1 in Evocations
  1283 | D:2      | Reached XP level 4. HP: 41/41 MP: 7/7
  1377 | D:2      | Found a burning altar of Makhleb.
  1553 | D:2      | Noticed an ice beast
  2119 | D:2      | Found a white marble altar of Elyvilon.
  2363 | D:3      | Found a shimmering altar of Xom.
  2692 | D:2      | Slain by an ice beast

Illustrated notes

Levels and vault maps discovered:
D:1:      lemuel_arrival_lava_pool, layout_basic
D:2:      lemuel_upstairs_altar, layout_loops_ring, bloody_makhleb
D:3:      layout_loops_corners, marbit_many_paths

Skill      XL: |  1  2  3 |
---------------+----------+-----
Short Blades   | 1 |  1.1
Long Blades    | 1 |  1.1
Maces & Flails | 1 |  1.1
Polearms       | 1 |  1.1
Staves         | 1 |  1.1
Slings         | 1 |  1.1
Bows           | 1 |  1.1
Crossbows      | 1 |  1.1
Throwing       | 1 |  1.1
Stealth        | 1 |  1.1
Shields        | 1 |  1.1
Unarmed Combat | 1 |  1.1
Spellcasting   | 1 |  1.1
Evocations     | 1 |  1.1
Fighting       | |  6.6
Axes           | |  4.6
Armour         | |  4.6
Dodging        | |  2.7
Conjurations   | |  0.9
Hexes          | |  0.9
Summonings     | |  0.9
Necromancy     | |  0.9
Translocations | |  0.9
Transmutations | |  0.9
Fire Magic     | |  0.9
Ice Magic      | |  0.9
Air Magic      | |  0.9
Earth Magic    | |  0.9
Poison Magic   | |  0.9
Invocations    | |  4.7

Action                   |  1- 3 |  4- 6 || total
-------------------------+-------+-------++-------
Melee: Hand axe          |    81 |    88 ||   169
       Bite              |     5 |     7 ||    12
       Punch             |       |     2 ||     2
Invok: Depart the Abyss  |     1 |       ||     1
  Use: Scroll            |     2 |     8 ||    10
       Potion            |       |     2 ||     2
 Stab: Sleeping          |     3 |     1 ||     4
Armor: Leather armour    |    15 |    23 ||    38
Dodge: Dodged            |    63 |    51 ||   114

Table legend: (Time is in decaauts)
 A = Elapsed time spent in this place.
 B = Non-inter-level travel time spent in this place.
 C = Inter-level travel time spent in this place.
 D = Time resting spent in this place.
 E = Time spent auto-exploring this place.
 F = Levels seen in this place.
 G = Mean time per level.
                   A        B        C        D        E       F      G
               +--------+--------+--------+--------+--------+-----+--------+
         Total |   2690 |   2536 |    154 |    205 |   1658 |   6 |  448.3 |
       Dungeon |   2589 |   2435 |    154 |    205 |   1620 |   3 |  863.0 |
         Abyss |    101 |    101 |      0 |      0 |     38 |   3 |   33.7 |
               +--------+--------+--------+--------+--------+-----+--------+

Top non-repeatable levels by time:
     D:3: 1041 daAuts
     D:1: 1024 daAuts
     D:2: 522 daAuts
 Abyss:3: 50 daAuts
 Abyss:1: 39 daAuts
 Abyss:2: 11 daAuts
